 Dungeon Crawl Stone Soup version 0.31-a0-705-ga145531891 (webtiles) character file.

Game seed: 15847034151251319344

216 Demosthentine the Ducker (level 5, -7/39 (41) HPs)
             Began as a Demonspawn Gladiator on Sept 9, 2023.
             Mangled by a wight
             ... wielding a +0 morningstar
              (11 damage)
             ... on level 3 of the Dungeon.
             The game lasted 00:04:43 (2094 turns).

Demosthentine the Ducker (Demonspawn Gladiator)     Turns: 2094, Time: 00:04:43

HP:   -7/39 (41)    AC:  7    Str: 16    XL:     5   Next: 61%
MP:   5/5           EV: 13    Int: 10    God:
Gold: 68            SH:  0    Dex: 14    Spells: 4/4 levels left

rFire   . . .        a - +0 trident
rCold   . . .        (no shield)
rNeg    . . .        b - +0 leather armour
rPois   .            c - +0 helmet
rElec   .            j - +0 cloak
rCorr   .            (no gloves)
SInv    .            (no boots)
Will    .....        (no amulet)
Stlth   +            (no ring)
HPRegen 0.26/turn    (no ring)
MPRegen 0.09/turn

%: no passive effects
@: mighty, lightly drained
A: icy blue scales 1
a: no special abilities


You were on level 3 of the Dungeon.
You visited 1 branch of the dungeon, and saw 4 of its levels.

You collected 108 gold pieces.
You spent 40 gold pieces at shops.

Inventory:

Hand Weapons
 a - a +0 trident (weapon)
Missiles
 d - 3 throwing nets (quivered)
 e - 4 javelins
Armour
 b - a +0 leather armour (worn)
 c - a +0 helmet (worn)
 j - a +0 cloak (worn)
Jewellery
 h - a ring of fire
Scrolls
 g - a scroll of amnesia
 i - a scroll of fear
Potions
 f - 2 potions of brilliance
 k - a potion of might
 m - a potion of enlightenment
 n - a potion of ambrosia {unknown}
 p - a potion of curing {unknown}


   Skills:
 + Level 3.3 Fighting
 + Level 3.7 Polearms
 - Level 1.7 Throwing
 + Level 2.2 Armour
 + Level 3.7 Dodging


You had 4 spell levels left.
You didn't know any spells.
Your spell library contained the following spells:

 Spells                   Type           Power      Damage    Failure   Level
 Sandblast                Erth           0%         2d4       43%         1
 Passwall                 Tmut/Erth      0%         N/A       56%         2
 Stone Arrow              Conj/Erth      0%         3d7       80%         3


Dungeon Overview and Level Annotations

Branches:
Dungeon (4/15)
 Temple: D:4-7

Altars:

Shops:
D:2 !   D:4 [

Annotations:
D:4 1 runed translucent door, pants's ghost, amateur HOFi


Innate Abilities, Weirdness & Mutations

You are partially covered in icy blue scales. (AC +2)


Message History

You hit the wight.
The wight is almost destroyed.
The wight misses you.
You barely miss the wight.
The wight is almost destroyed.
The wight closely misses you.
The wight hits you from afar with a +3 spear.
You hit the wight but do no damage.
The wight is almost destroyed.
The wight hits you from afar with a +3 spear.
* * * LOW HITPOINT WARNING * * *
You feel drained. The wight closely misses you. The wight barely misses you.
The wight misses you.
You hit the wight but do no damage.
The wight is almost destroyed.
The wight barely misses you. The wight hits you but does no damage.
You feel very mighty all of a sudden.
The wight hits you with a +0 morningstar!
* * * LOW HITPOINT WARNING * * *
The wight misses you.
Unknown command.
The wight hits you with a +3 spear.
* * * LOW HITPOINT WARNING * * *
Unknown command.
The wight misses you.
Unknown command.
The wight attacks as it pursues you! The wight hits you but does no damage.
Unknown command.
Reach: a) +0 trident
Press: ? - help, Dir - move target, f - wight
Aim: a wight, wielding a +3 spear and wearing a +0 robe (about 41% to evade your +0 trident)
You reach to attack!
You hit the wight.
The wight is moderately damaged.
The wight closely misses you.
You hit the wight.
The wight is almost destroyed.
A wight comes into view. It is wielding a +3 scimitar.
The wight closely misses you.
The wight hits you with a +0 morningstar!
You die...

.~.~.~~~.~..#
#######.##+++#~~..#
####......~#~~~.~~#..#
...z.###..~~~~.~.~~.##
######...~).#~..~...#.~~#
#.........#~#~~..~..###.#
#.........#...~~_..~~.~~#
####.....zzz~~8~#######~8#.#
.z....###.#@.~### ### .....
#.##.~.~~~~
......###z#####....
............# #...
.####..............
#.......###.... #########


You could see 4 wights.

Vanquished Creatures
  A phantom (D:4)
  3 adders
  4 gnolls
  An ufetubus (D:4)
  2 worms (D:2)
  A dart slug (D:1)
  5 ball pythons
  5 bats
  4 endoplasms
  2 giant cockroaches
  8 goblins
  5 hobgoblins
  3 jackals (D:2)
  5 kobolds
  A quokka (D:1)
  3 frilled lizards
  6 rats
  A spectral kobold (D:3)
60 creatures vanquished.

Notes
Turn   | Place    | Note
-------+----------+-------------------------------------------
     0 | D:1      | Demosthentine the Demonspawn Gladiator began the quest for
                  | the Orb.
     0 | D:1      | Reached XP level 1. HP: 16/16 MP: 1/1
    81 | D:1      | Gained mutation: You are partially covered in icy blue
                  | scales. (AC +2) [demonic ancestry]
    81 | D:1      | Reached XP level 2. HP: 22/22 MP: 2/2
   584 | D:1      | Reached skill level 1 in Armour
   742 | D:2      | Reached XP level 3. HP: 28/28 MP: 3/3
   919 | D:1      | Reached XP level 4. HP: 7/34 MP: 4/4
  1276 | D:2      | You fall into a shaft and drop 2 floors!
  1284 | D:4      | Identified the +2 flail of Efeucs {antimagic, rF+ rN+
                  | Str-2}
  1351 | D:4      | Found Veox's Antique Armour Shop.
  1382 | D:4      | Found a runed translucent door.
  1382 | D:4      | Noticed pants's ghost (amateur HOFi)
  1402 | D:4      | Noticed a phantom
  1421 | D:4      | Killed a phantom
  1422 | D:4      | Reached XP level 5. HP: 33/41 MP: 5/5
  1836 | D:2      | Found Ybac's Distillery.
  1839 | D:2      | Bought a potion of might for 40 gold pieces
  2033 | D:3      | Found a faded altar of an unknown god.
  2094 | D:3      | Mangled by a wight

Illustrated notes

Levels and vault maps discovered:
D:1:      dpeg_arrival_orchard, layout_basic
D:2:      layout_loops_cross, serial_shops, nicolae_shop_behind_doors,
          serial_bayou, serial_bayou_pond_e, serial_bayou_shore_b,
          serial_bayou_lagoon_b, serial_bayou_shore_a, nrook_loot_triangle
D:3:      layout_basic, mainiacjoe_overflow_paths, amcnicky_altar_gilded,
          dreamdust_ecumenical_altar_drowned_temple
D:4:      minmay_razor_zed, layout_basic, nicolae_overflow_hallway_of_the_gods,
          serial_shops, nicolae_shop_hallway_stairs,
          hellmonk_ghost_happy_afterlife, chequers_avenue,
          nicolae_kite_square_tiling_tiny, chequers_serial_rivers_large_b,
          uniq_ijyb

Skill      XL: |  1  2  3  4 |
---------------+-------------+-----
Polearms       | 3 |  3.7
Dodging        | 3 |  3.7
Armour         | 1 2 |  2.2
Fighting       | 3 |  3.3
Throwing       | |  1.7

Action                     |  1- 3 |  4- 6 || total
---------------------------+-------+-------++-------
  Melee: Trident           |    98 |   135 ||   233
         Punch             |       |     1 ||     1
    Use: Scroll            |     3 |     4 ||     7
         Potion            |       |     1 ||     1
   Stab: Sleeping          |     3 |       ||     3
 Armour: Leather armour    |    42 |    70 ||   112
  Dodge: Dodged            |    39 |    80 ||   119

Table legend: (Time is in decaauts)
 A = Elapsed time spent in this place.
 B = Non-inter-level travel time spent in this place.
 C = Inter-level travel time spent in this place.
 D = Time resting spent in this place.
 E = Time spent auto-exploring this place.
 F = Levels seen in this place.
 G = Mean time per level.
                   A        B        C        D        E       F      G
               +--------+--------+--------+--------+--------+-----+--------+
         Total |   2167 |   2135 |     32 |    228 |   1413 |   4 |  541.8 |
       Dungeon |   2167 |   2135 |     32 |    228 |   1413 |   4 |  541.8 |
               +--------+--------+--------+--------+--------+-----+--------+

Top non-repeatable levels by time:
     D:1: 996 daAuts
     D:2: 848 daAuts
     D:3: 163 daAuts
     D:4: 158 daAuts
